Map: Dusty Gorge

Players

ArcAngeL

  • Race: Terran Terran
  • Spawn Location: 11:00

SERG

  • Race: Protoss Protoss
  • League: Gold
  • Spawn Location: 9:00

Massa - Winner!

  • Race: Terran Terran
  • League: Gold
  • Spawn Location: 5:00

qqq - Winner!

  • Race: Zerg Zerg
  • League: Platinum
  • Spawn Location: 3:00

VOD

Have the link to the VOD?

Description

Time

  • Played on: May 6, 2020, 2:08 p.m.
  • Length: 4:58
Show
View Real Time Build Order
Export as new Build Order

ArcAngeL Terran 

Build Orders:  

Get SALT Encoding   

  12  0:02  SCV  
  13  0:14  SCV  
  14  0:27  SCV, Supply Depot  
  15  0:32  Refinery  
  15  0:48  SCV  
  15  0:49  Barracks  
  16  1:03  Barracks  
  16  1:05  SCV  
  17  1:17  SCV  
  18  1:26  Refinery  
  18  1:29  SCV  
  19  1:39  Factory  
  19  1:41  SCV  
  19  1:45  Marine  
  21  1:57  Barracks Tech Lab  
  21  2:03  Marine  
  22  2:10  Orbital Command  
  22  2:15  Supply Depot  
  22  2:21  Marine  
  23  2:37  Siege Tank  
  26  2:45  Starport  
  26  2:47  Barracks Reactor  
  26  2:50  SCV  
  27  2:56  Marine  
  28  3:04  SCV  
  29  3:09  Supply Depot  
  29  3:16  Marine  
  30  3:31  Cyclone  
  30  3:34  Marine  
  33  3:39  Marine  
  35  3:51  Marine  
  36  3:57  Marine  
  36  4:02  Supply Depot  
  37  4:04  Supply Depot  
  37  4:09  Widow Mine  
  39  4:18  Marine x2  
  30  4:31  Widow Mine  
  31  4:36  Marine x2  
Show
View Real Time Build Order
Export as new Build Order

SERG Protoss 

Build Orders: 1 Gate Expand 

Get SALT Encoding   

  12  0:02  Probe (Chrono Boost)  
  13  0:11  Probe (Chrono Boost)  
  14  0:22  Pylon  
  14  0:23  Probe  
  15  0:40  Probe  
  15  0:41  Gateway  
  16  0:46  Assimilator  
  16  0:52  Probe  
  17  1:05  Probe  
  18  1:28  Probe (Chrono Boost)  
  19  1:39  Cybernetics Core  
  19  1:40  Probe (Chrono Boost)  
  19  1:41  Nexus  
  19  1:46  Assimilator  
  20  2:00  Pylon  
  20  2:03  Probe  
  21  2:14  Warp Gate (Chrono Boost)  
  21  2:15  Probe  
  22  2:18  Adept  
  24  2:31  Twilight Council  
  24  2:33  Gateway  
  24  2:35  Probe  
  25  2:47  Gateway  
  25  2:54  Adept (Chrono Boost)  
  28  2:58  Probe (Chrono Boost)  
  28  2:59  Probe (Chrono Boost)  
  29  3:08  Probe (Chrono Boost)  
  30  3:27  Adept (Chrono Boost)  
  30  3:31  Probe  
Show
View Real Time Build Order
Export as new Build Order

Massa Terran - Winner!

Build Orders:  

Get SALT Encoding   

  12  0:12  Supply Depot  
  12  0:13  SCV  
  13  0:25  SCV  
  14  0:35  Barracks  
  14  0:37  SCV  
  15  0:49  SCV  
  16  0:56  Supply Depot  
  16  1:01  SCV  
  17  1:12  Barracks  
  17  1:14  SCV  
  18  1:26  Barracks  
  18  1:27  Marine  
  19  1:33  SCV  
  20  1:41  Barracks  
  20  1:47  Refinery  
  20  1:55  Orbital Command  
  20  1:58  Marine  
  21  2:03  Marine  
  22  2:14  Marine  
  23  2:16  Marine  
  23  2:21  Marine  
  25  2:26  SCV  
  26  2:33  Marine  
  26  2:34  Marine x2  
  29  2:39  Marine  
  30  2:46  Supply Depot  
  30  2:51  Marine  
  30  2:54  Supply Depot  
  31  3:08  Marine x3  
  31  3:09  Marine  
  35  3:18  Factory  
  35  3:25  Marine  
  35  3:26  Marine x2  
  38  3:27  Marine  
  39  3:43  Marine x3  
  39  3:45  Marine  
  43  4:01  Marine x2  
  44  4:09  Marine  
  43  4:10  Marine  
  45  4:19  Marine x2  
  47  4:31  Marine  
Show
View Real Time Build Order
Export as new Build Order

qqq Zerg - Winner!

Build Orders: Hatch First 

Get SALT Encoding   

  12  0:02  Drone  
  13  0:09  Drone  
  14  0:37  Hatchery  
  13  0:52  Spawning Pool  
  13  0:55  Drone  
  13  0:58  Extractor  
  12  1:07  Overlord  
  12  1:12  Drone  
  12  1:16  Drone  
  14  1:29  Drone  
  15  1:34  Drone  
  16  1:40  Zergling x2  
  17  1:51  Overlord  
  17  1:54  Queen  
  17  1:58  Drone  
  20  2:07  Metabolic Boost  
  20  2:12  Zergling x2  
  20  2:14  Zergling x2  
  22  2:18  Zergling x2  
  23  2:23  Zergling x2  
  23  2:25  Zergling x2  
  23  2:28  Zergling x2  
  26  2:34  Zergling x2  
  26  2:35  Zergling x2  
  28  2:45  Zergling x2  
  28  2:49  Overlord  
  29  2:57  Zergling x2  
  30  2:58  Zergling x2  
  31  3:06  Zergling x2  
  32  3:17  Zergling x2  
  32  3:18  Zergling x4  
  35  3:24  Roach Warren  
  34  3:31  Zergling x2  
  34  3:32  Drone  
  34  3:58  Zergling x4  
  34  4:00  Drone x3  
  36  4:23  Roach x2  
  33  4:24  Hatchery, Roach  
  33  4:25  Zergling x4  
  35  4:39  Zergling x2  
Tags
 
Add a new tag
Caveats
  • Supply blocks, unpowered buildings, or Contaminate may cause inaccurate times.
  • Supply counts are checked every 10 seconds.